[Event "20. Dolomitenbank Open-A 2019"]
[Site "Lienz"]
[Date "2019.02.10"]
[Round "2.3"]
[White "Kunin, Vitaly"]
[Black "Fecker, Noah"]
[Result "1-0"]
[ECO "A48"]
[WhiteElo "2531"]
[BlackElo "2340"]
[Annotator "ChessBase"]
[PlyCount "89"]
[EventDate "2019.02.09"]
[EventType "swiss"]
[EventCountry "AUT"]
[SourceTitle "playchess.com"]
[Source "ChessBase"]
[SourceQuality "1"]
[TimeControl "40/5400+30:1800+30"]

1. d4 Nf6 2. Nf3 g6 3. Nc3 d5 4. Bf4 Bg7 5. Nb5 Na6 6. e3 c6 7. Na3 O-O 8. Be2 Bf5 9. h3 h6 10. O-O Nc7 11. c4 g5 12. Be5 Nd7 13. Bh2 Nb6 14. Rc1 dxc4 15. Nxc4 Nxc4 16. Bxc4 Nd5 17. Qe2 Nb6 18. Bb3 e6 19. Ne5 Qe7 20. f4 Be4 21. fxg5 hxg5 22. Qg4 Bf5 23. Rxf5 exf5 24. Qxf5 Qf6 25. Qd3 Qh6 26. Rf1 Nd5 27. Rf5 Rad8 28. e4 Nf6 29. Nxf7 Rxf7 30. Bxf7+ Kxf7 31. e5 Rd5 32. exf6 Rxf5 33. fxg7 Qe6 34. Be5 Rxe5 35. dxe5 Kxg7 36. Qe3 Kg6 37. b3 b6 38. g4 c5 39. Qe4+ Kh6 40. Qf5 Qd5 41. Qf6+ Kh7 42. Qe7+ Kh8 43. Qd6 Qf3 44. Qh6+ Kg8 45. Qxg5+ 1-0

[Event "20. Dolomitenbank Open-A 2019"]
[Site "Lienz"]
[Date "2019.02.10"]
[Round "2.4"]
[White "Singer, Christoph"]
[Black "Maiorov, Nikita"]
[Result "1/2-1/2"]
[ECO "C54"]
[WhiteElo "2338"]
[BlackElo "2523"]
[Annotator "ChessBase"]
[PlyCount "99"]
[EventDate "2019.02.09"]
[EventType "swiss"]
[EventCountry "AUT"]
[SourceTitle "playchess.com"]
[Source "ChessBase"]
[SourceQuality "1"]
[TimeControl "40/5400+30:1800+30"]

1. e4 e5 2. Nf3 Nc6 3. Bc4 Bc5 4. c3 Nf6 5. d3 a6 6. Bb3 d6 7. Bg5 h6 8. Bh4 Qe7 9. Nbd2 Be6 10. h3 Ba7 11. Bxe6 Qxe6 12. Qb3 Qxb3 13. axb3 Nh5 14. Bg3 Nxg3 15. fxg3 h5 16. Ke2 Nd8 17. Nh4 Ne6 18. Raf1 g6 19. Nc4 Ke7 20. Na5 Rab8 21. b4 c6 22. Rf3 d5 23. exd5 cxd5 24. Rff1 Bb6 25. Ra1 e4 26. dxe4 dxe4 27. Rad1 Rhd8 28. Rxd8 Rxd8 29. Nxb7 Rb8 30. Na5 Bxa5 31. bxa5 Rxb2+ 32. Ke3 Nc5 33. g4 hxg4 34. hxg4 Kf6 35. Kd4 Rb5 36. Rf1+ Kg5 37. g3 Nb3+ 38. Ke3 Rb7 39. Rf4 Nc5 40. Ng2 Rb2 41. Ne1 f6 42. Rf1 Rb1 43. Nf3+ exf3 44. Rxb1 Kxg4 45. Rf1 f5 46. Rxf3 Nb3 47. Kf2 g5 48. Rd3 Nxa5 49. Rd6 Nb3 50. Rxa6 1/2-1/2

[Event "20. Dolomitenbank Open-A 2019"]
[Site "Lienz"]
[Date "2019.02.10"]
[Round "2.5"]
[White "Prusikin, Michael"]
[Black "Injac, Teodora"]
[Result "1/2-1/2"]
[ECO "E73"]
[WhiteElo "2517"]
[BlackElo "2325"]
[Annotator "ChessBase"]
[PlyCount "104"]
[EventDate "2019.02.09"]
[EventType "swiss"]
[EventCountry "AUT"]
[SourceTitle "playchess.com"]
[Source "ChessBase"]
[SourceQuality "1"]
[TimeControl "40/5400+30:1800+30"]

1. d4 Nf6 2. c4 g6 3. Nc3 Bg7 4. e4 d6 5. Be2 O-O 6. Be3 Na6 7. Nf3 e5 8. O-O c6 9. dxe5 dxe5 10. Qxd8 Rxd8 11. h3 Re8 12. c5 Bf8 13. Bxa6 bxa6 14. Rac1 Rb8 15. b3 Nh5 16. Nd2 Be6 17. Na4 Nf4 18. Bxf4 exf4 19. Nf3 Rb4 20. Rfe1 Bc8 21. Rcd1 Rbxe4 22. Rxe4 Rxe4 23. Rd8 Be6 24. Nc3 Rb4 25. Nd4 Kg7 26. Nxe6+ fxe6 27. Rd7+ Kf6 28. Rxa7 Bxc5 29. Rxa6 Bb6 30. Na4 Bd8 31. Rxc6 Rd4 32. Nc3 Kf5 33. f3 Rd2 34. a4 Bh4 35. Ne4 Rd1+ 36. Kh2 Rb1 37. Rc5+ e5 38. Rb5 h5 39. Rb6 Bd8 40. Rb8 Bh4 41. a5 Ra1 42. b4 g5 43. Rh8 Kg6 44. Ra8 Be1 45. a6 h4 46. g4 hxg3+ 47. Kg2 Ra2+ 48. Kg1 Bxb4 49. a7 Ra1+ 50. Kg2 Ra2+ 51. Kg1 Ra1+ 52. Kg2 Ra2+ 1/2-1/2

[Event "20. Dolomitenbank Open-A 2019"]
[Site "Lienz"]
[Date "2019.02.10"]
[Round "2.6"]
[White "Liu, Zhaoqi"]
[Black "Sanal, Vahap"]
[Result "1-0"]
[ECO "A21"]
[WhiteElo "2323"]
[BlackElo "2497"]
[Annotator "ChessBase"]
[PlyCount "79"]
[EventDate "2019.02.09"]
[EventType "swiss"]
[EventCountry "AUT"]
[SourceTitle "playchess.com"]
[Source "ChessBase"]
[SourceQuality "1"]
[TimeControl "40/5400+30:1800+30"]

1. c4 e5 2. Nc3 Bb4 3. Nd5 Bc5 4. Nf3 e4 5. Ng5 f5 6. d4 Bf8 7. Bf4 Na6 8. e3 c6 9. Nc3 Be7 10. c5 Nb4 11. Be5 Nf6 12. Bc4 Nbd5 13. h4 Qa5 14. O-O h6 15. Nh3 Nxc3 16. bxc3 b6 17. Nf4 bxc5 18. d5 Ng4 19. Ng6 Nxe5 20. Nxe5 Qxc3 21. Qh5+ Kd8 22. Nf7+ Kc7 23. Rac1 Qf6 24. Nxh8 Bb7 25. dxc6 Bxc6 26. Ng6 Bd8 27. Nf4 Rb8 28. Qf7 Qxf7 29. Bxf7 g5 30. hxg5 hxg5 31. Nd5+ Kd6 32. Nc3 Ke5 33. Rfd1 d6 34. Bd5 Be8 35. Bc4 Bc6 36. Rb1 Bb6 37. Nd5 f4 38. a4 Rb7 39. Nxb6 axb6 40. a5 {[%emt 0:00:18] Kd5} 1-0

[Event "20. Dolomitenbank Open-A 2019"]
[Site "Lienz"]
[Date "2019.02.10"]
[Round "2.7"]
[White "Schreiner, Peter"]
[Black "Ruff, Maximilian"]
[Result "0-1"]
[ECO "A04"]
[WhiteElo "2476"]
[BlackElo "2312"]
[Annotator "ChessBase"]
[PlyCount "75"]
[EventDate "2019.02.09"]
[EventType "swiss"]
[EventCountry "AUT"]
[SourceTitle "playchess.com"]
[Source "ChessBase"]
[SourceQuality "1"]
[TimeControl "40/5400+30:1800+30"]

1. Nf3 c5 2. c4 g6 3. Nc3 Bg7 4. e3 Nf6 5. d4 O-O 6. d5 e6 7. Be2 exd5 8. cxd5 d6 9. O-O Bg4 10. Re1 Re8 11. Nd2 Bxe2 12. Rxe2 Nbd7 13. h3 a6 14. a4 Ne5 15. a5 Nh5 16. Qc2 f5 17. f4 Nd7 18. Nf3 Ng3 19. Re1 h6 20. Kh2 Ne4 21. Nxe4 Rxe4 22. Bd2 Nf6 23. Rab1 Rc8 24. Qd1 Qe7 25. b4 c4 26. Bc1 Qf7 27. b5 Nxd5 28. bxa6 bxa6 29. Qc2 c3 30. Qd3 Rec4 31. g4 fxg4 32. hxg4 Nf6 33. g5 Ne4 34. gxh6 Bxh6 35. Rg1 Qf5 36. Nh4 Qh5 37. Rxg6+ Kh8 38. Ra1 0-1

[Event "20. Dolomitenbank Open-A 2019"]
[Site "Lienz"]
[Date "2019.02.10"]
[Round "2.8"]
[White "Thakur, Akash"]
[Black "Ankit, R. Rajpara"]
[Result "0-1"]
[ECO "B19"]
[WhiteElo "2308"]
[BlackElo "2451"]
[Annotator "ChessBase"]
[PlyCount "138"]
[EventDate "2019.02.09"]
[EventType "swiss"]
[EventCountry "AUT"]
[SourceTitle "playchess.com"]
[Source "ChessBase"]
[SourceQuality "1"]
[TimeControl "40/5400+30:1800+30"]

1. e4 c6 2. d4 d5 3. Nc3 dxe4 4. Nxe4 Bf5 5. Ng3 Bg6 6. h4 h6 7. Nf3 Nd7 8. h5 Bh7 9. Bd3 Bxd3 10. Qxd3 e6 11. Bd2 Ngf6 12. O-O-O Be7 13. Ne4 Nxe4 14. Qxe4 Nf6 15. Qe2 Qd5 16. Kb1 Qb5 17. c4 Qf5+ 18. Ka1 Qe4 19. Be3 Ng4 20. Nd2 Qf5 21. f3 Nxe3 22. Qxe3 Bg5 23. Qe4 O-O-O 24. Nb3 Rd6 25. Rd3 Rhd8 26. Rhd1 Bf6 27. g4 Qg5 28. a3 g6 29. hxg6 Qxg6 30. Ka2 h5 31. gxh5 Qxh5 32. Qe3 Qf5 33. Qe4 Bg7 34. Qxf5 exf5 35. Kb1 Bf6 36. Kc2 Kc7 37. R1d2 b6 38. a4 R8d7 39. d5 cxd5 40. cxd5 Kb7 41. Na1 Rc7+ 42. Kb1 Bg5 43. Rd1 Rh6 44. Nc2 Rh2 45. Nd4 Bf6 46. R1d2 Rxd2 47. Rxd2 Bxd4 48. Rxd4 Rd7 49. d6 Kc6 50. Rf4 Kxd6 51. Rxf5 Ke6 52. Rf4 f5 53. Rc4 Ke5 54. f4+ Kd5 55. b3 Re7 56. Rb4 Re6 57. Kc2 a5 58. Rc4 Re3 59. Rc8 Re4 60. Rb8 Rb4 61. Kc3 Ke4 62. Rh8 Kxf4 63. Rh3 Kg4 64. Rd3 f4 65. Kd2 f3 66. Ke1 Kg3 67. Kf1 Rh4 68. Kg1 Rh2 69. Rc3 Rb2 0-1